 Dungeon Crawl Stone Soup version 0.26-a0-648-g87339cc (webtiles) character file.

Game seed: 7837394912871137045

2765 AGayBaby the Blocker (level 9, -8/74 HPs)
             Began as a Gnoll Fighter on Sept 25, 2020.
             Was a Believer of Trog.
             Mangled by a death yak (19 damage)
             ... on level 9 of the Dungeon.
             The game lasted 00:14:17 (7208 turns).

AGayBaby the Blocker (Gnoll Fighter)                Turns: 7208, Time: 00:14:18

Health: -8/74      AC: 16    Str: 21    XL:     9   Next: 69%
Magic:  15/15      EV: 16    Int: 10    God:    Trog [**....]
Gold:   532        SH: 16    Dex: 16    Spells: 17/17 levels left

rFire    . . .     SeeInvis .     - Unarmed
rCold    . . .     Faith    .   c - +0 kite shield
rNeg     . . .     Spirit   .   E - +0 swamp dragon scales
rPois    +         Reflect  +   A - +0 helmet
rElec    .         Harm     .   t - +1 cloak
rCorr    .         Rampage  .   B - +0 pair of gloves
MR       +....                  D - +0 pair of boots
Stlth    ++........             r - amulet of reflection
HPRegen  0.22/turn              e - ring of protection from magic
MPRegen  0.14/turn              z - +4 ring of evasion

@: berserk cooldown, slowed, very slow
A: distributed training, fangs 1, strong nose
a: Berserk, Trog's Hand, Renounce Religion


You were on level 9 of the Dungeon.
You worshipped Trog.
Trog was pleased with you.
You visited 2 branches of the dungeon, and saw 10 of its levels.

You collected 532 gold pieces.

Inventory:

Hand Weapons
 a - a +0 war axe
Armour
 c - a +0 kite shield (worn)
 t - a +1 cloak (worn)
 A - a +0 helmet (worn)
 B - a +0 pair of gloves (worn)
 D - a +0 pair of boots (worn)
 E - +0 swamp dragon scales (worn)
Jewellery
 e - a ring of protection from magic (left hand)
 r - an amulet of reflection (around neck)
 z - a +4 ring of evasion (right hand)
Wands
 G - a wand of disintegration (11)
Scrolls
 f - 2 scrolls of enchant weapon {unknown}
 h - 3 scrolls of magic mapping
 k - 3 scrolls of immolation
 m - 3 scrolls of teleportation {unknown}
 o - 6 scrolls of amnesia {unknown}
 p - a scroll of random uselessness {unknown}
 s - a scroll of fog {unknown}
 x - 4 scrolls of remove curse
 y - 3 scrolls of enchant armour {unknown}
 C - 2 scrolls of identify
 F - a scroll of noise {unknown}
Potions
 d - 2 potions of might
 g - a potion of stabbing
 i - 2 potions of flight
 j - 5 potions of resistance
 l - 2 potions of lignification
 n - a potion of mutation
 q - 5 potions of curing
 u - a potion of brilliance
 v - 2 potions of haste
 w - 3 potions of heal wounds
 H - 2 potions of ambrosia


   Skills:
 + Level 8.0 Fighting
 + Level 4.5 Short Blades
 + Level 4.5 Long Blades
 + Level 6.5 Axes
 + Level 4.5 Maces & Flails
 + Level 4.5 Polearms
 + Level 4.5 Staves
 + Level 4.5 Slings
 + Level 4.5 Bows
 + Level 4.5 Crossbows
 + Level 4.5 Throwing
 + Level 8.0 Armour
 + Level 4.5 Dodging
 + Level 4.5 Stealth
 + Level 8.0 Shields
 + Level 4.5 Unarmed Combat
 + Level 4.5 Spellcasting
 + Level 3.7 Conjurations
 + Level 3.7 Hexes
 + Level 3.7 Summonings
 + Level 3.7 Necromancy
 + Level 3.7 Translocations
 + Level 3.7 Transmutations
 + Level 3.7 Fire Magic
 + Level 3.7 Ice Magic
 + Level 3.7 Air Magic
 + Level 3.7 Earth Magic
 + Level 3.7 Poison Magic
 + Level 4.9 Invocations
 + Level 4.5 Evocations


You had 17 spell levels left.
You didn't know any spells.
Your spell library was empty.

Dungeon Overview and Level Annotations

Branches:
Dungeon (9/15)             Temple (1/1) D:4            Lair (0/6) D:8
    Orc: D:9-12

Altars:
Ashenzari
Dithmenos
Elyvilon
Fedhas
Gozag
Hepliaklqana
Kikubaaqudgha
Makhleb
Nemelex Xobeh
Okawaru
Qazlal
Ru
Sif Muna
Trog
Uskayaw
Vehumet
Wu Jian
Xom
Yredelemnul
Zin
The Shining One

Shops:
D:4 *


Innate Abilities, Weirdness & Mutations

Your experience applies equally to all skills.
You have very sharp teeth.
Your uncanny sense of smell can sniff out nearby items.


Message History

You are no longer berserk.
You are exhausted.
You feel yourself slow down.
You hit the death yak.
The death yak is almost dead.
You block the death yak's attack. The death yak misses you.
You barely miss the death yak.
The death yak is almost dead.
You block the death yak's attack.
You hit the death yak but do no damage.
The death yak is almost dead.
The death yak gores you.
* * * LOW HITPOINT WARNING * * *
The death yak gores you!
* * * LOW HITPOINT WARNING * * *
You hit the death yak.
You bite the death yak, but do no damage.
The death yak is almost dead.
The death yak gores you!!
You die...

# #. .. #. ...
#.. ....
####..######....
................
.......@........
########Y.#####
#<.# #..# #..#
#..# ####


You could see a death yak.

Vanquished Creatures
  Maggie (D:6)
  A hornet (D:8)
  A yak (D:6)
  The ghost of LufLufFighter the Caller, an amateur TeSu (D:4)
  2 ice beasts (D:6)
  3 sky beasts
  A necrophage (D:6)
  2 centaurs (D:5)
  2 ogres
  2 bullfrogs
  3 scorpions
  5 howler monkeys
  A centaur zombie (D:6)
  A hound (D:4)
  An orc wizard (D:4)
  Crazy Yiuf (D:2)
  A bullfrog skeleton (D:4)
  A gnoll shaman (D:6)
  3 iguanas
  4 worker ants
  A mummy (D:5)
  A howler monkey skeleton (D:7)
  A worker ant zombie (D:5)
  3 adders
  15 gnolls
  3 shadow imps
  2 ufetubi
  An ooze (D:3)
  A worm (D:2)
  An adder skeleton (D:4)
  3 dart slugs
  4 leopard geckos
  9 orcs
  7 bats
  8 giant cockroaches
  2 goblins
  7 hobgoblins
  14 jackals
  3 quokkas
  3 frilled lizards
  2 hobgoblin zombies (D:5)
  5 kobolds
  A kobold zombie (D:5)
  2 leopard gecko skeletons (D:4)
  An orc zombie (D:5)
  A quokka skeleton (D:6)
  10 rats
148 creatures vanquished.

Vanquished Creatures (others)
  2 bushes (D:6)
  2 fungi (D:2)
  11 plants (D:6)
15 creatures vanquished.

Grand Total: 163 creatures vanquished

Notes
Turn   | Place    | Note
-------+----------+-------------------------------------------
     0 | D:1      | AGayBaby the Gnoll Fighter began the quest for the Orb.
     0 | D:1      | Reached XP level 1. HP: 23/23 MP: 1/1
   408 | D:1      | Reached XP level 2. HP: 29/29 MP: 2/2
   761 | D:2      | Found a shimmering altar of Xom.
   765 | D:2      | Found an iron altar of Okawaru.
   765 | D:2      | Found a blossoming altar of Fedhas.
   765 | D:2      | Found a shimmering blue altar of Sif Muna.
   780 | D:2      | Found a shadowy altar of Dithmenos.
   780 | D:2      | Found a glowing silver altar of Zin.
   915 | D:2      | Reached XP level 3. HP: 35/35 MP: 2/4
   918 | D:2      | Reached skill level 1 in Invocations
   931 | D:2      | Reached skill level 1 in Short Blades
   931 | D:2      | Reached skill level 1 in Long Blades
   931 | D:2      | Reached skill level 1 in Maces & Flails
   931 | D:2      | Reached skill level 1 in Polearms
   931 | D:2      | Reached skill level 1 in Staves
   931 | D:2      | Reached skill level 1 in Slings
   931 | D:2      | Reached skill level 1 in Bows
   931 | D:2      | Reached skill level 1 in Crossbows
   931 | D:2      | Reached skill level 1 in Throwing
   931 | D:2      | Reached skill level 1 in Dodging
   931 | D:2      | Reached skill level 1 in Stealth
   931 | D:2      | Reached skill level 1 in Unarmed Combat
   931 | D:2      | Reached skill level 1 in Spellcasting
   931 | D:2      | Reached skill level 1 in Evocations
  1187 | D:2      | Reached XP level 4. HP: 28/41 MP: 5/5
  1699 | D:2      | Found a runed translucent door.
  1700 | D:2      | Noticed Crazy Yiuf
  1711 | D:2      | Killed Crazy Yiuf
  1711 | D:2      | Reached skill level 1 in Conjurations
  1711 | D:2      | Reached skill level 1 in Hexes
  1711 | D:2      | Reached skill level 1 in Summonings
  1711 | D:2      | Reached skill level 1 in Necromancy
  1711 | D:2      | Reached skill level 1 in Translocations
  1711 | D:2      | Reached skill level 1 in Transmutations
  1711 | D:2      | Reached skill level 1 in Fire Magic
  1711 | D:2      | Reached skill level 1 in Ice Magic
  1711 | D:2      | Reached skill level 1 in Air Magic
  1711 | D:2      | Reached skill level 1 in Earth Magic
  1711 | D:2      | Reached skill level 1 in Poison Magic
  2188 | D:3      | Reached XP level 5. HP: 41/47 MP: 6/6
  2739 | D:4      | Found a sacrificial altar of Ru.
  2949 | D:4      | Reached XP level 6. HP: 52/53 MP: 8/8
  2961 | D:4      | Found Toenyred's General Store.
  3020 | D:4      | Reached skill level 5 in Axes
  3176 | D:4      | Found a runed translucent door.
  3176 | D:4      | Noticed LufLufFighter's ghost (amateur TeSu)
  3185 | D:4      | Killed LufLufFighter's ghost
  3185 | D:4      | Reached XP level 7. HP: 59/59 MP: 10/10
  3345 | D:4      | Found a staircase to the Ecumenical Temple.
  3357 | Temple   | Entered the Ecumenical Temple
  3540 | Temple   | Became a worshipper of Trog the Wrathful
  3847 | D:4      | Found a burning altar of Makhleb.
  3959 | D:5      | Entered Level 5 of the Dungeon
  4870 | D:6      | Reached XP level 8. HP: 67/67 MP: 12/12
  5006 | D:6      | Reached * piety under Trog
  5059 | D:6      | Noticed Maggie
  5088 | D:6      | Killed Maggie
  5333 | D:6      | Noticed a yak
  5349 | D:6      | Killed a yak
  5349 | D:6      | Reached XP level 9. HP: 64/72 MP: 14/14
  5471 | D:6      | Found a blossoming altar of Fedhas.
  5955 | D:7      | Found a broken altar of Ashenzari.
  6347 | D:7      | Reached ** piety under Trog
  6515 | D:7      | Found a sparkling altar of Nemelex Xobeh.
  7024 | D:8      | Noticed a hornet
  7054 | D:8      | Killed a hornet
  7146 | D:8      | Found a staircase to the Lair.
  7146 | D:8      | Noticed a death yak
  7147 | D:8      | Noticed a death yak
  7148 | D:8      | Noticed a death yak
  7148 | D:8      | Noticed a death yak
  7149 | D:8      | Noticed a death yak
  7149 | D:8      | Noticed a death yak
  7151 | D:8      | Noticed a death yak
  7208 | D:9      | Mangled by a death yak

Illustrated notes

Levels and vault maps discovered:
D:1:      minmay_arrival_semitransparent, layout_basic, grunt_decor_cap
D:2:      layout_loops_ring, minmay_overflow_temple_hex, uniq_crazy_yiuf_cottage
D:3:      layout_loops_ring
D:4:      layout_basic, lemuel_coloured_pillars_altar, temple_fountains,
          serial_shops, shop, ebering_ghost_reflecting_pool, grunt_ministairs_3,
          nicolae_ru_sacrificial_ziggurat
D:5:      layout_loops_corners, minmay_mini_ossuary
D:6:      kennysheep_big_flooded_room, layout_loops_cross,
          fedhas_altar_decomposition, uniq_maggie
D:7:      layout_basic, nicolae_overflow_crystal_walls, old_standard_altar
D:8:      layout_basic, dpeg_lair_monsters, uniq_joseph
D:9:      layout_small_grid, nicolae_overflow_hidden_temple, minivault_28
Temple:   minmay_temple_bridge_abc

Skill      XL: |  1  2  3  4  5  6  7  8  9 |
---------------+----------------------------+-----
Invocations    | 1 2 3 4 |  4.9
Short Blades   | 1 2 3 4 |  4.5
Long Blades    | 1 2 3 4 |  4.5
Maces & Flails | 1 2 3 4 |  4.5
Polearms       | 1 2 3 4 |  4.5
Staves         | 1 2 3 4 |  4.5
Slings         | 1 2 3 4 |  4.5
Bows           | 1 2 3 4 |  4.5
Crossbows      | 1 2 3 4 |  4.5
Throwing       | 1 2 3 4 |  4.5
Dodging        | 1 2 3 4 |  4.5
Stealth        | 1 2 3 4 |  4.5
Unarmed Combat | 1 2 3 4 |  4.5
Spellcasting   | 1 2 3 4 |  4.5
Evocations     | 1 2 3 4 |  4.5
Conjurations   | 1 2 3 |  3.7
Hexes          | 1 2 3 |  3.7
Summonings     | 1 2 3 |  3.7
Necromancy     | 1 2 3 |  3.7
Translocations | 1 2 3 |  3.7
Transmutations | 1 2 3 |  3.7
Fire Magic     | 1 2 3 |  3.7
Ice Magic      | 1 2 3 |  3.7
Air Magic      | 1 2 3 |  3.7
Earth Magic    | 1 2 3 |  3.7
Poison Magic   | 1 2 3 |  3.7
Axes           | 5 6 |  6.5
Fighting       | 7 8 |  8.0
Armour         | 7 8 |  8.0
Shields        | 7 8 |  8.0

Action                   |  1- 3 |  4- 6 |  7- 9 || total
-------------------------+-------+-------+-------++-------
Melee: War axe           |    80 |   149 |   251 ||   480
       Bite              |     9 |    18 |    70 ||    97
       Unarmed           |       |       |   195 ||   195
Invok: Berserk           |       |       |     1 ||     1
  Use: Scroll            |       |     5 |     9 ||    14
       Potion            |       |       |     2 ||     2
 Stab: Sleeping          |       |       |     4 ||     4
Armor: Scale mail        |    27 |    34 |    27 ||    88
       Swamp dragon scal |       |       |    49 ||    49
Dodge: Dodged            |    22 |    43 |   144 ||   209
Block: Kite shield       |    56 |    87 |   341 ||   484
       Reflection        |       |       |     3 ||     3

Table legend: (Time is in decaauts)
 A = Elapsed time spent in this place.
 B = Non-inter-level travel time spent in this place.
 C = Inter-level travel time spent in this place.
 D = Time resting spent in this place.
 E = Time spent auto-exploring this place.
 F = Levels seen in this place.
 G = Mean time per level.
                   A        B        C        D        E       F      G
               +--------+--------+--------+--------+--------+-----+--------+
         Total |   7343 |   7052 |    291 |      0 |   5667 |  10 |  734.3 |
       Dungeon |   7138 |   6847 |    291 |      0 |   5496 |   9 |  793.1 |
        Temple |    204 |    204 |      0 |      0 |    171 |   1 |  204.0 |
               +--------+--------+--------+--------+--------+-----+--------+

Top non-repeatable levels by time:
     D:2: 1375 daAuts
     D:6: 1085 daAuts
     D:4: 1064 daAuts
     D:7: 1046 daAuts
     D:5: 903 daAuts
     D:3: 705 daAuts
     D:1: 694 daAuts
     D:8: 222 daAuts
  Temple: 204 daAuts
     D:9: 41 daAuts
